 Dungeon Crawl Stone Soup version 0.22.1-1-ga44c0e56f4 (webtiles) character file.

2233 Ivernyr the Thaumaturge (level 9, -3/68 HPs)
             Began as a Naga Wizard on Oct 20, 2018.
             Was a Priest of Cheibriados.
             Splashed by a jelly's acid (4 damage)
             ... on level 7 of the Dungeon on Oct 21, 2018.
             The game lasted 01:08:35 (9043 turns).

Ivernyr the Thaumaturge (Naga Wizard)               Turns: 9043, Time: 01:08:35

Health: -3/68      AC:  6    Str: 19    XL:     9   Next: 36%
Magic:  7/21       EV: 10    Int: 29    God:    Cheibriados [***...]
Gold:   342        SH:  0    Dex: 17    Spells: 16/25 levels left

rFire    . . .     SeeInvis +   m - +0 spear
rCold    . . .     Gourm    .   (no shield)
rNeg     . . .     Faith    .   a - +0 robe
rPois    +         Spirit   .   b - +0 hat
rElec    .         Reflect  .   w - +0 cloak of the Guilds {rCorr Stlth+}
rCorr    +         Harm     .   x - +0 pair of gloves
MR       +....                  (no barding)
Stlth    +++.......             (no amulet)
HPRegen  0.21/turn              (no ring)
MPRegen  0.17/turn              n - +3 ring of strength

@: very slow
A: large, see invisible, deformed body, poison resistance, slowness 2, slow
metabolism 1, spit poison 1, AC +3
a: Spit Poison, Bend Time, Temporal Distortion, Renounce Religion


You were on level 7 of the Dungeon.
You worshipped Cheibriados.
Cheibriados was most pleased with you.
You were hungry.

You visited 1 branch of the dungeon, and saw 7 of its levels.

You collected 342 gold pieces.

Inventory:

Hand Weapons
 m - a +0 spear (weapon)
Armour
 a - a +0 robe (worn)
 b - a +0 hat (worn)
 j - a scarf of resistance
 w - the +0 cloak of the Guilds (worn) {rCorr Stlth+}
   (You found it on level 5 of the Dungeon)

   It provides partial protection from all sources of acid and corrosion.
   It makes you more stealthy.
 x - a +0 pair of gloves (worn)
Jewellery
 n - a +3 ring of strength (right hand)
Wands
 o - a wand of enslavement (8)
 z - a wand of flame (16)
Scrolls
 e - 2 scrolls of remove curse
 h - 3 scrolls of identify
 i - 2 scrolls of teleportation
 k - 2 scrolls of blinking
 l - 2 scrolls of amnesia
 q - 2 scrolls of immolation
 u - a scroll of enchant weapon {unknown}
 y - a scroll of random uselessness {unknown}
Potions
 c - a potion of flight {unknown}
 f - 5 potions of heal wounds
 g - 3 potions of curing {unknown}
 p - a potion of might {unknown}
 r - a potion of mutation {unknown}
 s - a potion of invisibility {unknown}
 t - a potion of brilliance {unknown}
 v - 3 potions of berserk rage {unknown}
Comestibles
 d - 16 rations


   Skills:
 - Level 1.5 Dodging
 - Level 3.0 Stealth
 * Level 8.5 Spellcasting
 + Level 7.5 Conjurations
   Level 1.0 Summonings
 - Level 1.0 Translocations
 + Level 4.2 Invocations


You had 16 spell levels left.
You knew the following spells:

 Your Spells              Type           Power        Failure   Level  Hunger
a - Magic Dart            Conj           ####         1%          1    None
b - Blink                 Tloc           N/A          4%          2    None
c - Conjure Flame         Conj/Fire      ####....     2%          3    None
d - Mephitic Cloud        Conj/Pois/Air  ####....     4%          3    None

Your spell library contained the following spells:

 Spells                   Type           Power        Failure   Level  Hunger
 Call Imp                 Summ           ###.....     4%          2    None
 Slow                     Hex            ##......     7%          2    None


Dungeon Overview and Level Annotations

Branches:
Dungeon (7/15)             Temple (0/1) D:5

Altars:
Ashenzari
Cheibriados
Elyvilon
Gozag
Kikubaaqudgha
Okawaru
Qazlal
Trog
Vehumet
Xom
Yredelemnul


Innate Abilities, Weirdness & Mutations

You cannot wear boots.
Your serpentine skin is tough. (AC +3)
You have supernaturally acute eyesight. (SInv)
Armour fits poorly on your strangely shaped body.
Your system is resistant to poisons. (rPois)
You cover ground very slowly.
You have a slow metabolism.
You can spit poison.


Message History

You see here a club.
The very large slime creature hits you!
The very large slime creature hits you!! x2
* * * LOW HITPOINT WARNING * * *
Casting: Blink (safe; 4% risk of failure)
Confirm with . or Enter, or press ? or * to list all spells.
You blink.
Unknown command.
Casting: Blink (safe; 4% risk of failure)
Confirm with . or Enter, or press ? or * to list all spells.
Aiming: Conjure Flame (safe; 2% risk of failure)
Press: ? - help, Dir - move target cursor, p - jelly The fire ignites!
The jelly jiggles.
Casting: Conjure Flame (safe; 2% risk of failure)
Confirm with . or Enter, or press ? or * to list all spells.
You blink.
The jelly hits you.
* * * LOW HITPOINT WARNING * * *
You are splashed with acid!
The acid burns!
You resist.
You die...

##....)##
#.......#
#.....(.#
#.......#
#.......#
#....####
#....'..##
########.#
##)J@J§.##
##'########
#...J...÷.#
#.J...P.P.#
#.........#
#..÷P..÷P÷#
#...P.P...#
#.P÷....P%#
###########


You could see a very large slime creature and a jelly.

Vanquished Creatures
  A sky beast (D:3)
  An ice beast (D:5)
  A black bear (D:6)
  A phantom (D:6)
  2 centaurs
  4 ogres
  2 big kobolds (D:7)
  2 bullfrogs (D:6)
  A gnoll sergeant (D:3)
  A scorpion (D:5)
  2 wights (D:6)
  A crimson imp (D:6)
  5 hounds
  2 orc priests
  4 jellies
  4 orc wizards
  2 iguanas (D:7)
  4 worker ants
  9 gnolls
  A howler monkey skeleton (D:6)
  11 adders
  2 shadow imps
  5 oozes
  An adder skeleton (D:5)
  2 worms
  A dart slug (D:1)
  6 leopard geckos
  11 orcs
  A ball python (D:4)
  6 giant cockroaches
  5 goblins
  7 hobgoblins
  12 jackals
  12 kobolds
  6 quokkas
  6 bats
  6 frilled lizards
  A leopard gecko zombie (D:5)
  A quokka zombie (D:5)
  8 rats
160 creatures vanquished.

Vanquished Creatures (others)
  9 toadstools (D:7)
9 creatures vanquished.

Grand Total: 169 creatures vanquished

Notes
Turn   | Place    | Note
-------+----------+-------------------------------------------
     0 | D:1      | Ivernyr the Naga Wizard began the quest for the Orb.
     0 | D:1      | Reached XP level 1. HP: 15/15 MP: 4/4
    70 | D:1      | Reached XP level 2. HP: 22/22 MP: 0/6
   226 | D:1      | Learned a level 2 spell: Blink
   549 | D:1      | Reached XP level 3. HP: 27/28 MP: 3/7
   780 | D:1      | Learned a level 3 spell: Conjure Flame
   784 | D:1      | Learned a level 3 spell: Mephitic Cloud
  1998 | D:2      | Reached XP level 4. HP: 30/36 MP: 1/9
  2216 | D:1      | Reached skill level 4 in Spellcasting
  2621 | D:2      | Found a stormy altar of Qazlal.
  2875 | D:3      | Reached XP level 5. HP: 34/42 MP: 3/11
  3083 | D:3      | Noticed a sky beast
  3096 | D:3      | HP: 2/42 [sky beast (6)]
  3098 | D:3      | Killed a sky beast
  3431 | D:3      | Reached XP level 6. HP: 49/49 MP: 10/13
  3685 | D:3      | Reached skill level 5 in Spellcasting
  3825 | D:3      | Found a radiant altar of Vehumet.
  4293 | D:3      | Reached XP level 7. HP: 55/55 MP: 8/15
  4418 | D:4      | Reached skill level 5 in Conjurations
  5237 | D:4      | Reached skill level 6 in Spellcasting
  5277 | D:4      | Found a snail-covered altar of Cheibriados.
  5283 | D:4      | Found a shattered altar of Ashenzari.
  5283 | D:4      | Found an opulent altar of Gozag.
  5288 | D:4      | Became a worshipper of Cheibriados the Contemplative
  5428 | D:4      | Reached XP level 8. HP: 61/62 MP: 3/17
  5565 | D:4      | Found a white marble altar of Elyvilon.
  5621 | D:4      | Found an iron altar of Okawaru.
  5725 | D:5      | Entered Level 5 of the Dungeon
  5971 | D:5      | Reached * piety under Cheibriados
  6019 | D:5      | Found a shimmering altar of Xom.
  6096 | D:5      | Reached skill level 1 in Invocations
  6123 | D:5      | Reached skill level 7 in Spellcasting
  6417 | D:5      | Found a staircase to the Ecumenical Temple.
  6473 | D:5      | Found an ancient bone altar of Kikubaaqudgha.
  6587 | D:5      | Found a basalt altar of Yredelemnul.
  6595 | D:5      | Got a smoking cloak
  6606 | D:5      | Identified the +0 cloak of the Guilds {rCorr Stlth+} (You
                  | found it on level 5 of the Dungeon)
  7274 | D:6      | Found a bloodstained altar of Trog.
  7276 | D:6      | Reached ** piety under Cheibriados
  7333 | D:6      | Found a glowing drain.
  7692 | D:6      | Reached XP level 9. HP: 52/68 MP: 8/20
  7842 | D:6      | Found a shimmering altar of Xom.
  8060 | D:6      | Reached skill level 8 in Spellcasting
  8728 | D:7      | Reached *** piety under Cheibriados
  9043 | D:7      | HP: 1/68 [jelly (3)]
  9043 | D:7      | Splashed by a jelly's acid

Skill      XL: |  1  2  3  4  5  6  7  8  9 |
---------------+----------------------------+-----
Conjurations   | 2 3 4 6 7 |  7.5
Spellcasting   | 4 5 6 7 8 |  8.5
Invocations    | 3 4 |  4.2
Dodging        | |  1.5
Stealth        | |  3.0
Summonings     | |  1.0
Translocations | |  1.0

Action                   |  1- 3 |  4- 6 |  7- 9 || total
-------------------------+-------+-------+-------++-------
Melee: Unarmed           |    19 |    17 |     4 ||    40
       Halberd           |       |       |    18 ||    18
       Spear             |       |       |    77 ||    77
 Cast: Magic Dart        |    70 |   103 |   262 ||   435
       Mephitic Cloud    |     3 |    10 |    33 ||    46
       Blink             |       |       |    15 ||    15
       Conjure Flame     |       |       |     4 ||     4
 Abil: Spit Poison       |     8 |    20 |    40 ||    68
  Use: Scroll            |       |       |    10 ||    10
 Stab: Confused          |     1 |       |    11 ||    12
  Eat: Chunk             |     2 |     7 |    12 ||    21
Armor: Robe              |    15 |     8 |    84 ||   107
Dodge: Dodged            |    35 |    30 |   132 ||   197
